[ PARTIDA AOE2 · #476694456 ]
Team RMCeltas vs Spanish
[ ANÁLISIS DE REPETICIÓN · EXTRAÍDO DE LA PARTIDA GRABADA ]
Feudal
11:36
Castillos
15:43
Imperial
—
| APM promedio | 28.9 |
| APM pico | 55 |
| eAPM promedio | 16.5 |
| Aldeanos / militares | 50 / 34 |
Foco
⚔️ 27.1% · 🌾 72.9%
Scorpion ×17 · Spearman ×12 · Battering Ram ×3 · Scout Cavalry ×2
Feudal
13:15
Castillos
19:15
Imperial
—
| APM promedio | 36.9 |
| APM pico | 76 |
| eAPM promedio | 18.0 |
| Aldeanos / militares | 44 / 4 |
Foco
⚔️ 12.3% · 🌾 87.7%
Knight ×4
Feudal
12:50
Castillos
20:19
Imperial
—
| APM promedio | 18.4 |
| APM pico | 52 |
| eAPM promedio | 8.7 |
| Aldeanos / militares | 48 / 12 |
Foco
⚔️ 11.0% · 🌾 89.0%
Conquistador ×12
Feudal
15:15
Castillos
25:07
Imperial
—
| APM promedio | 6.6 |
| APM pico | 21 |
| eAPM promedio | 5.6 |
| Aldeanos / militares | 45 / 17 |
Foco
⚔️ 15.4% · 🌾 84.6%
Militia ×17
Feudal
13:49
Castillos
23:35
Imperial
—
| APM promedio | 15.2 |
| APM pico | 32 |
| eAPM promedio | 7.6 |
| Aldeanos / militares | 47 / 0 |
Foco
⚔️ 9.4% · 🌾 90.6%
Feudal
13:29
Castillos
18:52
Imperial
—
| APM promedio | 14.9 |
| APM pico | 48 |
| eAPM promedio | 10.5 |
| Aldeanos / militares | 78 / 0 |
Foco
⚔️ 4.6% · 🌾 95.4%
Mapa de la partida
Recursos al inicio + cada clic de construcción. Línea gruesa = muro · recuadro discontinuo = muro de casas detectado. 🟡 oro · ⚪ piedra · 🟢 bayas · 🔶 jabalí · ⭕ reliquia
Inputs por minuto
— Xavyyy - - TheCheeseHenk
Build order — Xavyyy
128 acciones detectadas en el replay
| 0:02 | Crear | Villager (Male) ×4 |
| 0:06 | Construir | House |
| 0:08 | Construir | House |
| 1:43 | Crear | Villager (Male) |
| 2:12 | Crear | Villager (Male) |
| 2:29 | Crear | Villager (Male) |
| 2:42 | Construir | Lumber Camp |
| 3:04 | Crear | Villager (Male) |
| 3:19 | Crear | Villager (Male) |
| 3:20 | Crear | Villager (Male) |
| 3:51 | Crear | Villager (Male) |
| 4:13 | Construir | House |
| 4:25 | Crear | Villager (Male) |
| 4:25 | Crear | Villager (Male) |
| 4:37 | Investigar | Loom |
| 4:46 | Construir | Mill |
| 4:58 | Construir | Palisade Wall |
| 5:37 | Crear | Villager (Male) |
| 5:52 | Crear | Villager (Male) |
| 6:24 | Crear | Villager (Male) |
| 6:40 | Crear | Villager (Male) |
| 6:44 | Construir | House |
| 7:19 | Crear | Villager (Male) |
| 7:38 | Construir | Palisade Wall |
| 7:44 | Crear | Villager (Male) |
| 8:07 | Crear | Villager (Male) |
| 8:07 | Crear | Villager (Male) |
| 8:16 | Construir | Mining Camp |
| 8:45 | Construir | House |
| 8:49 | Crear | Villager (Male) |
| 9:26 | Investigar | Feudal Age |
| 9:37 | Construir | Mill |
| 10:15 | Crear | Villager (Male) |
| 10:16 | Crear | Villager (Male) |
| 11:36 | Edad | Edad Feudal |
| 11:39 | Construir | Market |
| 11:42 | Construir | Blacksmith |
| 13:03 | Investigar | Castle Age |
| 13:07 | Construir | Barracks |
| 13:42 | Construir | House |
| 14:09 | Construir | Farm |
| 14:17 | Crear | Spearman |
| 14:17 | Crear | Spearman |
| 14:32 | Construir | Farm |
| 14:36 | Construir | Farm |
| 14:45 | Crear | Villager (Male) |
| 14:45 | Crear | Villager (Male) |
| 14:55 | Investigar | Double-Bit Axe |
| 15:13 | Crear | Villager (Male) |
| 15:43 | Edad | Edad de los Castillos |
| 15:48 | Construir | Siege Workshop |
| 15:56 | Construir | Farm |
| 15:59 | Construir | Farm |
| 16:02 | Construir | Farm |
| 16:06 | Construir | Farm |
| 16:12 | Crear | Villager (Male) |
| 16:23 | Construir | Siege Workshop |
| 16:28 | Crear | Scorpion |
| 16:34 | Crear | Villager (Male) |
| 16:54 | Crear | Scorpion |
| 17:00 | Crear | Villager (Male) |
| 17:17 | Crear | Scorpion |
| 17:22 | Crear | Villager (Male) |
| 17:30 | Crear | Battering Ram |
| 17:35 | Crear | Villager (Male) |
| 17:56 | Construir | House |
| 17:57 | Construir | House |
| 18:16 | Crear | Battering Ram |
| 18:37 | Crear | Scorpion |
| 18:37 | Crear | Scorpion |
| 18:45 | Crear | Villager (Male) |
| 19:18 | Crear | Scorpion |
| 19:18 | Crear | Scorpion |
| 19:30 | Crear | Spearman |
| 19:31 | Crear | Spearman |
| 19:34 | Crear | Villager (Male) |
| 19:34 | Crear | Villager (Male) |
| 19:58 | Crear | Villager (Male) |
| 19:59 | Crear | Scorpion |
| 20:00 | Crear | Scorpion |
| 20:15 | Construir | House |
| 20:16 | Construir | House |
| 21:02 | Crear | Scorpion |
| 21:03 | Crear | Scorpion |
| 21:03 | Crear | Villager (Male) |
| 21:04 | Crear | Villager (Male) |
| 21:12 | Construir | House |
| 21:13 | Construir | House |
| 21:16 | Crear | Battering Ram |
| 21:30 | Crear | Spearman |
| 21:31 | Crear | Spearman |
| 21:42 | Crear | Villager (Male) |
| 21:54 | Construir | Stone Wall |
| 21:59 | Construir | Building 490 |
| 22:05 | Construir | Farm |
| 22:06 | Construir | Farm |
| 22:06 | Construir | Farm |
| 22:06 | Construir | Farm |
| 22:24 | Crear | Spearman ×2 |
| 22:39 | Crear | Villager (Male) |
| 22:50 | Crear | Scorpion |
| 22:50 | Crear | Scorpion |
| 23:01 | Construir | House |
| 23:10 | Crear | Villager (Male) |
| 23:10 | Crear | Villager (Male) |
| 23:32 | Construir | Mining Camp |
| 23:51 | Construir | Outpost |
| 23:59 | Crear | Villager (Male) |
| 23:59 | Crear | Villager (Male) |
| 24:00 | Crear | Scorpion |
| 24:01 | Crear | Scorpion |
| 24:01 | Crear | Villager (Male) |
| 24:02 | Crear | Villager (Male) |
| 24:16 | Construir | House |
| 24:27 | Construir | Stable |
| 24:52 | Crear | Villager (Male) |
| 25:27 | Crear | Scout Cavalry |
| 25:27 | Crear | Scout Cavalry |
| 25:32 | Crear | Villager (Male) |
| 25:46 | Construir | Barracks |
| 25:50 | Crear | Spearman |
| 25:50 | Crear | Spearman |
| 26:00 | Crear | Villager (Male) |
| 26:17 | Crear | Scorpion |
| 26:17 | Crear | Scorpion |
| 26:26 | Crear | Villager (Male) |
| 26:56 | Crear | Spearman |
| 26:56 | Crear | Spearman |
Build order — TheCheeseHenk
102 acciones detectadas en el replay
| 0:01 | Crear | Villager (Male) |
| 0:01 | Crear | Villager (Male) |
| 0:01 | Crear | Villager (Male) |
| 0:03 | Construir | House |
| 0:21 | Crear | Villager (Male) |
| 0:41 | Construir | House |
| 0:51 | Construir | Palisade Wall |
| 1:03 | Construir | Palisade Wall |
| 1:12 | Construir | House |
| 1:15 | Construir | Palisade Wall |
| 1:21 | Construir | Palisade Wall |
| 1:35 | Crear | Villager (Male) |
| 2:14 | Crear | Villager (Male) |
| 2:29 | Construir | Lumber Camp |
| 2:33 | Crear | Villager (Male) |
| 4:03 | Crear | Villager (Male) |
| 4:03 | Crear | Villager (Male) |
| 4:15 | Crear | Villager (Male) |
| 4:53 | Construir | Palisade Wall |
| 4:58 | Investigar | Loom |
| 4:59 | Crear | Villager (Male) |
| 5:50 | Crear | Villager (Male) |
| 5:54 | Crear | Villager (Male) |
| 6:11 | Construir | House |
| 6:17 | Crear | Villager (Male) |
| 6:21 | Construir | House |
| 7:10 | Crear | Villager (Male) |
| 7:22 | Construir | Mill |
| 7:31 | Crear | Villager (Male) |
| 7:54 | Crear | Villager (Male) |
| 8:00 | Crear | Villager (Male) |
| 8:35 | Crear | Villager (Male) |
| 8:46 | Crear | Villager (Male) |
| 9:12 | Crear | Villager (Male) |
| 9:25 | Construir | House |
| 9:59 | Crear | Villager (Male) |
| 10:06 | Crear | Villager (Male) |
| 10:13 | Construir | Mill |
| 10:32 | Crear | Villager (Male) |
| 10:32 | Investigar | Feudal Age |
| 11:25 | Construir | Farm |
| 11:28 | Construir | Farm |
| 11:45 | Construir | Farm |
| 11:46 | Construir | Farm |
| 11:47 | Crear | Villager (Male) |
| 11:52 | Construir | Farm |
| 11:54 | Construir | Farm |
| 11:54 | Crear | Villager (Male) |
| 11:56 | Construir | Farm |
| 12:24 | Crear | Villager (Male) |
| 13:01 | Crear | Villager (Male) |
| 13:12 | Construir | Mining Camp |
| 13:15 | Edad | Edad Feudal |
| 13:17 | Investigar | Horse Collar |
| 13:19 | Investigar | Double-Bit Axe |
| 13:20 | Crear | Villager (Male) |
| 13:25 | Crear | Villager (Male) |
| 13:40 | Construir | House |
| 14:02 | Crear | Villager (Male) |
| 14:12 | Crear | Villager (Male) |
| 14:37 | Construir | Market |
| 14:41 | Crear | Villager (Male) |
| 15:10 | Construir | Blacksmith |
| 15:23 | Crear | Villager (Male) |
| 15:27 | Construir | Farm |
| 15:28 | Crear | Villager (Male) |
| 15:34 | Construir | Farm |
| 15:35 | Crear | Villager (Male) |
| 15:39 | Construir | House |
| 15:40 | Construir | House |
| 16:03 | Construir | Mining Camp |
| 16:28 | Investigar | Castle Age |
| 16:38 | Construir | Stone Wall |
| 16:43 | Construir | Farm |
| 16:44 | Crear | Villager (Male) |
| 16:46 | Construir | Farm |
| 17:40 | Construir | Watch Tower |
| 17:51 | Construir | Stone Wall |
| 17:53 | Construir | Stone Wall |
| 17:56 | Construir | Stone Wall |
| 18:06 | Crear | Villager (Male) |
| 18:17 | Crear | Villager (Male) |
| 18:43 | Construir | Barracks |
| 19:15 | Edad | Edad de los Castillos |
| 19:22 | Construir | Stable |
| 19:32 | Construir | Siege Workshop |
| 19:33 | Crear | Villager (Male) |
| 19:39 | Construir | Farm |
| 19:56 | Crear | Knight |
| 19:56 | Crear | Knight |
| 20:11 | Construir | Siege Workshop |
| 21:37 | Construir | Lumber Camp |
| 22:18 | Construir | Mining Camp |
| 23:25 | Construir | Town Center |
| 23:37 | Crear | Knight |
| 23:37 | Crear | Knight |
| 24:45 | Construir | Mining Camp |
| 25:17 | Crear | Villager (Male) |
| 25:17 | Crear | Villager (Male) |
| 25:18 | Crear | Villager (Male) |
| 25:18 | Crear | Villager (Male) |
| 25:33 | Construir | Siege Workshop |
Build order — Vicko Guty
86 acciones detectadas en el replay
| 0:02 | Construir | House |
| 0:06 | Construir | House |
| 0:09 | Construir | House |
| 0:17 | Crear | Villager (Male) ×4 |
| 0:17 | Crear | Villager (Male) ×4 |
| 1:47 | Crear | Villager (Male) |
| 2:13 | Crear | Villager (Male) |
| 2:23 | Construir | Lumber Camp |
| 2:39 | Crear | Villager (Male) |
| 2:39 | Crear | Villager (Male) |
| 3:24 | Crear | Villager (Male) |
| 3:24 | Crear | Villager (Male) |
| 3:25 | Crear | Villager (Male) |
| 4:06 | Construir | Mill |
| 4:10 | Crear | Villager (Male) |
| 4:38 | Construir | Palisade Wall |
| 4:46 | Crear | Villager (Male) |
| 5:22 | Crear | Villager (Male) |
| 5:22 | Crear | Villager (Male) |
| 6:01 | Crear | Villager (Male) |
| 6:02 | Crear | Villager (Male) |
| 6:02 | Crear | Villager (Male) |
| 6:02 | Crear | Villager (Male) |
| 6:25 | Construir | Palisade Wall |
| 6:29 | Crear | Villager (Male) |
| 6:46 | Construir | House |
| 7:28 | Crear | Villager (Male) |
| 7:28 | Crear | Villager (Male) |
| 7:28 | Crear | Villager (Male) |
| 7:29 | Crear | Villager (Male) |
| 8:35 | Construir | Mining Camp |
| 8:51 | Crear | Villager (Male) |
| 8:51 | Crear | Villager (Male) |
| 9:09 | Construir | House |
| 9:24 | Construir | Mining Camp |
| 9:47 | Crear | Villager (Male) |
| 10:40 | Investigar | Feudal Age |
| 11:43 | Crear | Villager (Male) |
| 11:43 | Crear | Villager (Male) |
| 11:54 | Construir | Mill |
| 12:47 | Crear | Villager (Male) |
| 12:50 | Edad | Edad Feudal |
| 13:04 | Construir | Market |
| 13:31 | Construir | Mill |
| 14:58 | Crear | Villager (Male) |
| 14:58 | Crear | Villager (Male) |
| 15:06 | Construir | House |
| 15:45 | Crear | Villager (Male) |
| 16:19 | Crear | Villager (Male) |
| 16:47 | Construir | Blacksmith |
| 17:39 | Investigar | Castle Age |
| 19:13 | Construir | Farm |
| 19:13 | Construir | Farm |
| 19:14 | Construir | Farm |
| 19:14 | Construir | Farm |
| 19:14 | Construir | Farm |
| 19:14 | Construir | Farm |
| 19:15 | Construir | Farm |
| 19:15 | Construir | Farm |
| 19:17 | Construir | Farm |
| 19:28 | Construir | House |
| 20:15 | Construir | Farm |
| 20:19 | Edad | Edad de los Castillos |
| 20:20 | Crear | Villager (Male) |
| 20:20 | Crear | Villager (Male) |
| 20:21 | Crear | Villager (Male) |
| 20:21 | Crear | Villager (Male) |
| 20:36 | Construir | Castle |
| 20:56 | Crear | Villager (Male) |
| 20:56 | Crear | Villager (Male) |
| 20:57 | Crear | Villager (Male) |
| 21:13 | Crear | Villager (Male) |
| 22:07 | Crear | Conquistador |
| 22:27 | Crear | Conquistador |
| 22:46 | Crear | Conquistador |
| 23:04 | Crear | Conquistador |
| 23:25 | Crear | Conquistador |
| 23:57 | Crear | Conquistador |
| 24:26 | Crear | Villager (Male) |
| 24:27 | Crear | Villager (Male) |
| 25:17 | Crear | Conquistador |
| 25:18 | Crear | Conquistador |
| 25:18 | Crear | Conquistador |
| 25:18 | Crear | Conquistador |
| 25:19 | Crear | Conquistador |
| 25:19 | Crear | Conquistador |
Build order — Darth_Doge03
110 acciones detectadas en el replay
| 0:46 | Crear | Villager (Male) |
| 0:46 | Crear | Villager (Male) |
| 0:47 | Crear | Villager (Male) |
| 0:47 | Crear | Villager (Male) |
| 1:23 | Construir | House |
| 2:06 | Crear | Villager (Male) |
| 2:06 | Crear | Villager (Male) |
| 3:48 | Crear | Villager (Male) |
| 3:49 | Crear | Villager (Male) |
| 3:49 | Crear | Villager (Male) |
| 3:49 | Crear | Villager (Male) |
| 4:24 | Construir | House |
| 4:30 | Construir | House |
| 4:31 | Construir | House |
| 6:14 | Construir | Mill |
| 6:52 | Construir | Mill |
| 6:52 | Construir | Mill |
| 7:03 | Crear | Villager (Male) |
| 7:03 | Crear | Villager (Male) |
| 7:04 | Crear | Villager (Male) |
| 7:04 | Crear | Villager (Male) |
| 7:04 | Crear | Villager (Male) |
| 7:05 | Crear | Villager (Male) |
| 7:05 | Crear | Villager (Male) |
| 7:05 | Crear | Villager (Male) |
| 7:06 | Crear | Villager (Male) |
| 8:19 | Construir | Lumber Camp |
| 8:19 | Construir | Lumber Camp |
| 8:33 | Crear | Villager (Male) |
| 9:23 | Crear | Villager (Male) |
| 9:23 | Crear | Villager (Male) |
| 9:56 | Crear | Villager (Male) |
| 9:57 | Crear | Villager (Male) |
| 9:57 | Crear | Villager (Male) |
| 10:05 | Construir | Farm |
| 11:25 | Construir | House |
| 11:26 | Construir | House |
| 11:28 | Construir | House |
| 11:29 | Construir | House |
| 12:14 | Construir | Mining Camp |
| 12:58 | Construir | Lumber Camp |
| 13:05 | Investigar | Feudal Age |
| 13:18 | Construir | Farm |
| 14:10 | Crear | Villager (Male) |
| 14:10 | Crear | Villager (Male) |
| 14:22 | Construir | Farm |
| 14:24 | Construir | Farm |
| 14:29 | Construir | Farm |
| 14:32 | Construir | Farm |
| 14:34 | Construir | Farm |
| 14:37 | Construir | Farm |
| 14:39 | Construir | Farm |
| 14:42 | Construir | Farm |
| 14:44 | Construir | Farm |
| 15:15 | Edad | Edad Feudal |
| 15:30 | Crear | Villager (Male) |
| 15:41 | Investigar | Double-Bit Axe |
| 16:05 | Construir | Mining Camp |
| 16:34 | Construir | Farm |
| 16:42 | Construir | Farm |
| 16:48 | Investigar | Horse Collar |
| 16:59 | Crear | Villager (Male) |
| 16:59 | Crear | Villager (Male) |
| 16:59 | Crear | Villager (Male) |
| 17:00 | Crear | Villager (Male) |
| 17:45 | Construir | Mill |
| 18:46 | Construir | Farm |
| 18:56 | Crear | Villager (Male) |
| 18:58 | Crear | Villager (Male) |
| 19:01 | Investigar | Wheelbarrow |
| 19:43 | Construir | Market |
| 20:01 | Crear | Villager (Male) |
| 20:03 | Crear | Villager (Male) |
| 21:23 | Construir | Blacksmith |
| 21:46 | Construir | Stone Wall |
| 22:16 | Construir | Barracks |
| 22:21 | Construir | Barracks |
| 22:27 | Investigar | Castle Age |
| 22:38 | Construir | Farm |
| 23:21 | Construir | Stone Wall |
| 23:25 | Crear | Villager (Male) |
| 23:26 | Crear | Villager (Male) |
| 23:26 | Crear | Villager (Male) |
| 23:27 | Crear | Villager (Male) |
| 23:28 | Crear | Villager (Male) |
| 25:07 | Edad | Edad de los Castillos |
| 25:16 | Investigar | Hand Cart |
| 25:17 | Crear | Villager (Male) |
| 25:18 | Crear | Villager (Male) |
| 25:18 | Crear | Villager (Male) |
| 25:19 | Crear | Villager (Male) |
| 25:43 | Construir | Farm |
| 26:08 | Crear | Militia |
| 26:08 | Crear | Militia |
| 26:08 | Crear | Militia |
| 26:09 | Crear | Militia |
| 26:09 | Crear | Militia |
| 26:09 | Crear | Militia |
| 26:10 | Crear | Militia |
| 26:10 | Crear | Militia |
| 26:10 | Crear | Militia |
| 26:11 | Crear | Militia |
| 26:11 | Crear | Militia |
| 26:11 | Crear | Militia |
| 26:11 | Crear | Militia |
| 26:12 | Crear | Militia |
| 26:12 | Crear | Militia |
| 26:12 | Crear | Militia |
| 26:12 | Crear | Militia |
| 26:36 | Construir | Lumber Camp |
Build order — VictorWatch
88 acciones detectadas en el replay
| 0:03 | Construir | House |
| 0:05 | Construir | House |
| 0:07 | Crear | Villager (Male) |
| 0:08 | Crear | Villager (Male) |
| 0:08 | Crear | Villager (Male) |
| 0:08 | Crear | Villager (Male) |
| 0:37 | Construir | House |
| 0:50 | Investigar | Loom |
| 1:12 | Construir | Lumber Camp |
| 1:52 | Crear | Villager (Male) |
| 1:52 | Crear | Villager (Male) |
| 2:32 | Crear | Villager (Male) |
| 2:50 | Crear | Villager (Male) |
| 3:35 | Crear | Villager (Male) |
| 4:05 | Construir | Palisade Wall |
| 4:16 | Crear | Villager (Male) |
| 4:34 | Crear | Villager (Male) |
| 4:35 | Crear | Villager (Male) |
| 5:11 | Construir | Palisade Wall |
| 5:21 | Crear | Villager (Male) |
| 5:50 | Construir | Palisade Wall |
| 5:54 | Crear | Villager (Male) |
| 6:30 | Construir | Palisade Wall |
| 7:05 | Crear | Villager (Male) ×4 |
| 7:06 | Crear | Villager (Male) ×4 |
| 7:40 | Construir | House |
| 7:49 | Crear | Villager (Male) ×2 |
| 8:10 | Construir | Mill |
| 8:28 | Construir | House |
| 8:47 | Crear | Villager (Male) ×2 |
| 8:59 | Construir | Lumber Camp |
| 9:12 | Construir | Palisade Wall |
| 10:49 | Crear | Villager (Male) |
| 11:03 | Construir | Mill |
| 11:23 | Construir | House |
| 11:39 | Investigar | Feudal Age |
| 12:03 | Construir | Mill |
| 12:50 | Crear | Villager (Male) |
| 12:51 | Crear | Villager (Male) ×4 |
| 13:34 | Construir | House |
| 13:38 | Construir | House |
| 13:49 | Edad | Edad Feudal |
| 13:54 | Construir | Blacksmith |
| 13:55 | Construir | Blacksmith |
| 14:11 | Construir | Market |
| 14:26 | Construir | Mining Camp |
| 14:39 | Investigar | Double-Bit Axe |
| 15:06 | Investigar | Horse Collar |
| 15:09 | Crear | Villager (Male) ×5 |
| 15:32 | Construir | Building 673 |
| 15:46 | Construir | Stone Wall |
| 16:01 | Construir | Building 665 |
| 16:05 | Construir | Stone Wall |
| 16:07 | Construir | Stone Wall |
| 16:53 | Crear | Villager (Male) ×5 |
| 17:04 | Construir | Building 490 |
| 17:07 | Construir | Building 490 |
| 17:15 | Construir | Building 490 |
| 17:20 | Construir | Stone Wall |
| 17:38 | Construir | Mining Camp |
| 18:19 | Construir | Outpost |
| 18:35 | Construir | Farm |
| 18:35 | Construir | Farm |
| 18:35 | Construir | Farm |
| 18:35 | Construir | Farm |
| 18:36 | Construir | Farm |
| 18:48 | Construir | House |
| 18:50 | Construir | House |
| 18:52 | Construir | House |
| 18:55 | Construir | House |
| 18:57 | Construir | House |
| 18:59 | Construir | House |
| 19:16 | Construir | Farm |
| 19:16 | Construir | Farm |
| 19:16 | Construir | Farm |
| 19:17 | Construir | Farm |
| 19:18 | Construir | Farm |
| 20:55 | Investigar | Castle Age |
| 20:58 | Investigar | Wheelbarrow |
| 21:08 | Construir | Mining Camp |
| 21:48 | Construir | Building 487 |
| 21:52 | Construir | Stone Wall |
| 22:03 | Construir | Building 490 |
| 23:35 | Edad | Edad de los Castillos |
| 24:38 | Construir | Castle |
| 24:41 | Crear | Villager (Male) ×5 |
| 24:46 | Investigar | Heavy Plow |
| 24:47 | Investigar | Bow Saw |
Build order — BolivarCG
147 acciones detectadas en el replay
| 0:03 | Construir | House |
| 0:04 | Construir | House |
| 0:07 | Construir | House |
| 0:10 | Crear | Villager (Male) |
| 0:10 | Crear | Villager (Male) |
| 0:10 | Crear | Villager (Male) |
| 0:10 | Crear | Villager (Male) |
| 0:11 | Crear | Villager (Male) |
| 2:30 | Crear | Villager (Male) |
| 2:30 | Crear | Villager (Male) |
| 2:31 | Crear | Villager (Male) |
| 2:54 | Crear | Villager (Male) |
| 2:54 | Crear | Villager (Male) |
| 3:34 | Crear | Villager (Male) |
| 3:56 | Crear | Villager (Male) |
| 4:44 | Crear | Villager (Male) |
| 4:44 | Crear | Villager (Male) |
| 5:11 | Construir | Palisade Wall |
| 5:21 | Crear | Villager (Male) |
| 5:21 | Crear | Villager (Male) |
| 5:21 | Crear | Villager (Male) |
| 5:39 | Construir | Lumber Camp |
| 6:07 | Construir | House |
| 6:25 | Construir | House |
| 6:35 | Construir | House |
| 6:46 | Crear | Villager (Male) |
| 6:47 | Crear | Villager (Male) |
| 6:47 | Crear | Villager (Male) |
| 7:13 | Crear | Villager (Male) |
| 7:13 | Crear | Villager (Male) |
| 7:36 | Construir | House |
| 7:38 | Construir | House |
| 8:44 | Crear | Villager (Male) |
| 8:44 | Crear | Villager (Male) |
| 8:45 | Crear | Villager (Male) |
| 9:23 | Crear | Villager (Male) |
| 9:52 | Construir | Mill |
| 9:58 | Crear | Villager (Male) |
| 9:58 | Crear | Villager (Male) |
| 10:34 | Construir | Mill |
| 10:47 | Construir | House |
| 11:19 | Investigar | Feudal Age |
| 12:08 | Crear | Villager (Male) |
| 12:09 | Crear | Villager (Male) |
| 12:41 | Crear | Villager (Male) |
| 13:25 | Construir | Mining Camp |
| 13:29 | Edad | Edad Feudal |
| 13:34 | Construir | Mill |
| 13:47 | Construir | Market |
| 13:51 | Crear | Villager (Male) |
| 14:54 | Crear | Villager (Male) |
| 14:54 | Crear | Villager (Male) |
| 15:05 | Construir | Blacksmith |
| 16:12 | Investigar | Castle Age |
| 16:24 | Construir | Farm |
| 16:24 | Construir | Farm |
| 16:24 | Construir | Farm |
| 16:24 | Construir | Farm |
| 16:25 | Construir | Farm |
| 16:25 | Construir | Farm |
| 16:25 | Construir | Farm |
| 16:26 | Construir | Farm |
| 17:06 | Construir | Stone Wall |
| 17:33 | Crear | Villager (Male) |
| 17:34 | Crear | Villager (Male) |
| 18:12 | Construir | Stone Wall |
| 18:23 | Construir | Farm |
| 18:23 | Construir | Farm |
| 18:23 | Construir | Farm |
| 18:24 | Construir | Farm |
| 18:24 | Construir | Farm |
| 18:24 | Construir | Farm |
| 18:25 | Construir | Farm |
| 18:27 | Construir | Farm |
| 18:48 | Crear | Villager (Male) |
| 18:52 | Edad | Edad de los Castillos |
| 19:07 | Construir | Stone Wall |
| 19:18 | Construir | Farm |
| 19:22 | Construir | Farm |
| 19:43 | Construir | Town Center |
| 19:46 | Crear | Villager (Male) |
| 20:01 | Crear | Villager (Male) |
| 20:25 | Crear | Villager (Male) |
| 20:25 | Crear | Villager (Male) |
| 20:25 | Crear | Villager (Male) |
| 20:46 | Construir | Mining Camp |
| 20:48 | Crear | Villager (Male) |
| 20:50 | Crear | Villager (Male) |
| 21:18 | Construir | Stone Wall |
| 21:29 | Crear | Villager (Male) |
| 21:30 | Crear | Villager (Male) |
| 21:46 | Construir | Town Center |
| 21:55 | Crear | Villager (Male) |
| 21:56 | Crear | Villager (Male) |
| 21:57 | Crear | Villager (Male) |
| 22:03 | Investigar | Double-Bit Axe |
| 22:16 | Investigar | Horse Collar |
| 22:39 | Crear | Villager (Male) |
| 22:41 | Crear | Villager (Male) |
| 22:55 | Crear | Villager (Male) |
| 22:56 | Crear | Villager (Male) |
| 23:09 | Construir | Farm |
| 23:09 | Construir | Farm |
| 23:09 | Construir | Farm |
| 23:17 | Construir | Farm |
| 23:19 | Construir | Farm |
| 23:22 | Crear | Villager (Male) |
| 23:23 | Crear | Villager (Male) |
| 23:32 | Construir | Farm |
| 23:36 | Construir | Farm |
| 23:41 | Construir | Farm |
| 23:44 | Crear | Villager (Male) |
| 23:49 | Crear | Villager (Male) |
| 24:01 | Construir | Farm |
| 24:11 | Crear | Villager (Male) |
| 24:14 | Crear | Villager (Male) |
| 24:21 | Construir | Farm |
| 24:26 | Crear | Villager (Male) |
| 24:28 | Crear | Villager (Male) |
| 24:46 | Construir | Farm |
| 24:48 | Construir | Farm |
| 24:50 | Crear | Villager (Male) |
| 24:53 | Crear | Villager (Male) |
| 25:00 | Construir | House |
| 25:01 | Construir | House |
| 25:02 | Construir | House |
| 25:03 | Construir | House |
| 25:05 | Construir | House |
| 25:06 | Construir | House |
| 25:07 | Construir | House |
| 25:13 | Crear | Villager (Male) |
| 25:27 | Construir | Mining Camp |
| 25:37 | Crear | Villager (Male) |
| 25:41 | Crear | Villager (Male) |
| 25:45 | Crear | Villager (Male) |
| 25:47 | Crear | Villager (Male) |
| 25:49 | Crear | Villager (Male) |
| 25:58 | Construir | Town Center |
| 26:04 | Crear | Villager (Male) |
| 26:05 | Crear | Villager (Male) |
| 26:06 | Crear | Villager (Male) |
| 26:31 | Crear | Villager (Male) |
| 26:33 | Crear | Villager (Male) |
| 27:04 | Crear | Villager (Male) |
| 27:05 | Crear | Villager (Male) |
| 27:06 | Crear | Villager (Male) |
| 27:18 | Crear | Villager (Male) |
Cronología de la partida
| 0:51 | TheCheeseHenk · wall_segment Palisade Wall x5 |
| 1:03 | TheCheeseHenk · wall_segment Palisade Wall x1 |
| 1:15 | TheCheeseHenk · wall_segment Palisade Wall x1 |
| 1:21 | TheCheeseHenk · wall_segment Palisade Wall x1 |
| 4:05 | VictorWatch · wall_segment Palisade Wall x13 |
| 4:38 | Vicko Guty · wall_segment Palisade Wall x15 |
| 4:53 | TheCheeseHenk · wall_segment Palisade Wall x8 |
| 4:58 | Xavyyy · wall_segment Palisade Wall x8 |
| 5:11 | VictorWatch · wall_segment Palisade Wall x6 |
| 5:11 | BolivarCG · wall_segment Palisade Wall x7 |
| 5:50 | VictorWatch · wall_segment Palisade Wall x11 |
| 6:25 | Vicko Guty · wall_segment Palisade Wall x4 |
| 6:30 | VictorWatch · wall_segment Palisade Wall x6 |
| 7:38 | Xavyyy · wall_segment Palisade Wall x8 |
| 9:12 | VictorWatch · wall_segment Palisade Wall x1 |
| 11:36 | Xavyyy · age_up feudal |
| 12:50 | Vicko Guty · age_up feudal |
| 13:07 | Xavyyy · first_building Barracks |
| 13:15 | TheCheeseHenk · age_up feudal |
| 13:29 | BolivarCG · age_up feudal |
| 13:49 | VictorWatch · age_up feudal |
| 15:15 | Darth_Doge03 · age_up feudal |
| 15:43 | Xavyyy · age_up castle |
| 15:46 | VictorWatch · wall_segment Stone Wall x1 |
| 15:48 | Xavyyy · first_building Siege Workshop |
| 16:05 | VictorWatch · wall_segment Stone Wall x1 |
| 16:07 | VictorWatch · wall_segment Stone Wall x1 |
| 16:38 | TheCheeseHenk · wall_segment Stone Wall x8 |
| 17:06 | BolivarCG · wall_segment Stone Wall x8 |
| 17:20 | VictorWatch · wall_segment Stone Wall x1 |
| 17:51 | TheCheeseHenk · wall_segment Stone Wall x3 |
| 17:53 | TheCheeseHenk · wall_segment Stone Wall x2 |
| 17:56 | TheCheeseHenk · wall_segment Stone Wall x1 |
| 18:12 | BolivarCG · wall_segment Stone Wall x7 |
| 18:43 | TheCheeseHenk · first_building Barracks |
| 18:52 | BolivarCG · age_up castle |
| 19:07 | BolivarCG · wall_segment Stone Wall x7 |
| 19:15 | TheCheeseHenk · age_up castle |
| 19:22 | TheCheeseHenk · first_building Stable |
| 19:32 | TheCheeseHenk · first_building Siege Workshop |
| 19:32 | BolivarCG · first_market_buy 100 wood |
| 20:19 | Vicko Guty · age_up castle |
| 20:36 | Vicko Guty · first_building Castle |
| 21:18 | BolivarCG · wall_segment Stone Wall x8 |
| 21:46 | Darth_Doge03 · wall_segment Stone Wall x12 |
| 21:52 | VictorWatch · wall_segment Stone Wall x10 |
| 21:54 | Xavyyy · wall_segment Stone Wall x8 |
| 22:16 | Darth_Doge03 · first_building Barracks |
| 23:21 | Darth_Doge03 · wall_segment Stone Wall x10 |
| 23:35 | VictorWatch · age_up castle |
| 24:27 | Xavyyy · first_building Stable |
| 24:38 | VictorWatch · first_building Castle |
| 25:07 | Darth_Doge03 · age_up castle |
| 25:33 | VictorWatch · resign |
[ ANÁLISIS IA · 1 CRÉDITO ]
¿Qué pasó realmente en esta partida?
Wolo.gg analiza cada decisión: build order, eco, micro, errores típicos por bracket. Análisis personalizado por WhatsApp o Discord en 30 segundos.
Guía civ
Celtas
Guía mapa
Black Forest
Perfil
Xavyyy